 Dungeon Crawl Stone Soup version 0.24.0-123-gd5b16e6ec5 (webtiles) character file.

Game seed: 13124200161034066666, levelgen mode: deterministic

149 Emblim88 the Conjurer (level 4, -7/33 HPs)
             Began as a Demigod Conjurer on Jan 11, 2020.
             Mangled by Crazy Yiuf
             ... wielding a +4 quarterstaff of chaos
              (9 damage)
             ... on level 4 of the Dungeon.
             The game lasted 00:07:12 (3047 turns).

Emblim88 the Conjurer (Demigod Conjurer)            Turns: 3047, Time: 00:07:13

Health: -7/33      AC:  4    Str: 16    XL:     4   Next: 83%
Magic:  0/11       EV: 13    Int: 21    God:
Gold:   140        SH:  0    Dex: 16    Spells: 2/9 levels left

rFire    . . .     SeeInvis .   b - +2 dagger (venom)
rCold    . . .     Gourm    .   (no shield)
rNeg     . . .     Faith    .   a - +0 robe
rPois    .         Spirit   .   j - +2 hat
rElec    .         Reflect  .   (no cloak)
rCorr    .         Harm     .   (no gloves)
MR       +....                  (no boots)
Stlth    ++........             (no amulet)
HPRegen  0.11/turn              n - ring of protection from magic
MPRegen  0.12/turn              q - +5 ring of strength

@: very slightly contaminated, lightly drained, invisible
A: high mp 1
a: no special abilities


You were on level 4 of the Dungeon.
You were not hungry.

You visited 1 branch of the dungeon, and saw 4 of its levels.

You collected 140 gold pieces.

Inventory:

Hand Weapons
 b - a +2 dagger of venom (weapon)
Armour
 a - a +0 robe (worn)
 j - a +2 hat (worn)
Jewellery
 n - a ring of protection from magic (left hand)
 p - an uncursed ring of stealth
 q - a +5 ring of strength (right hand)
Scrolls
 d - a scroll of random uselessness {unknown}
 e - 2 scrolls of amnesia {unknown}
 g - 2 scrolls of enchant weapon {unknown}
 h - 3 scrolls of identify {unknown}
 i - a scroll of immolation {unknown}
 k - a scroll of magic mapping {unknown}
 m - a scroll of teleportation {unknown}
 r - a scroll of enchant armour {unknown}
Potions
 f - a potion of invisibility {unknown}
 l - 2 potions of curing {unknown}
 o - 2 potions of agility {unknown}
Comestibles
 c - 9 rations


   Skills:
 + Level 3.1(2.8) Dodging
 - Level 1.7(1.4) Stealth
 + Level 3.0(2.6) Spellcasting
 + Level 4.4(4.1) Conjurations


You had 2 spell levels left.
You knew the following spells:

 Your Spells              Type           Power        Failure   Level  Hunger
a - Magic Dart            Conj           ###.         2%          1    None
b - Searing Ray           Conj           ###...       3%          2    ##.....
c - Iskenderun's Mystic   Conj           ###.....     26%         4    ####...

Your spell library contained the following spells:

 Spells                   Type           Power        Failure   Level  Hunger
 Dazzling Spray           Conj/Hex       ##....       19%         3    ###....
 Force Lance              Conj/Tloc      ##......     52%         4    ####...
 Fulminant Prism          Conj/Hex       ##........   52%         4    ####...


Dungeon Overview and Level Annotations

Branches:
Dungeon (4/15)
 Temple: D:4-7

Annotations:
D:4 Crazy Yiuf


Innate Abilities, Weirdness & Mutations

You have an increased reservoir of magic. (+10% MP)


Message History

The searing ray hits Crazy Yiuf.
Crazy Yiuf is severely wounded. (Press . to maintain the ray.) Crazy Yiuf closely misses you.
Casting: Searing Ray (safe; 3% risk of failure)
Confirm with . or Enter, or press ? or * to list all spells.
Aiming: Searing Ray (safe; 3% risk of failure)
Press: ? - help, Shift-Dir - straight line, f/p - Crazy Yiuf
Aim: Crazy Yiuf, wielding a +4 quarterstaff of chaos and wearing a +0 cloak (severely wounded)
The searing ray misses Crazy Yiuf. (Press . to maintain the ray.) Crazy Yiuf completely misses you.
Casting: Searing Ray (safe; 3% risk of failure)
Confirm with . or Enter, or press ? or * to list all spells.
You don't have enough magic to cast that spell.
Unknown command.
You barely miss Crazy Yiuf.
Crazy Yiuf is severely wounded.
Crazy Yiuf hits you with a +4 quarterstaff of chaos!
You die...

#+..'###......#####
#....# ########
♣....♣ ♣♣...♣ ♣♣.♣♣
♣♣.♣ ♣.♣♣ ♣♣.♣ ♣@♣♣
#g# ... #...# #)..#
#####


You could see Crazy Yiuf.

Vanquished Creatures
  An orc priest (D:3)
  4 adders (D:3)
  2 worms
  3 dart slugs
  4 leopard geckos
  2 orcs (D:3)
  A ball python (D:1)
  8 bats
  A giant cockroach (D:4)
  5 hobgoblins
  3 jackals (D:1)
  A quokka (D:3)
  6 frilled lizards
  15 goblins
  6 kobolds
  5 rats
67 creatures vanquished.

Notes
Turn   | Place    | Note
-------+----------+-------------------------------------------
     0 | D:1      | Emblim88 the Demigod Conjurer began the quest for the Orb.
     0 | D:1      | Reached XP level 1. HP: 14/14 MP: 5/5
   198 | D:1      | Reached XP level 2. HP: 20/20 MP: 5/7
   697 | D:1      | Reached XP level 3. HP: 26/26 MP: 6/9
   930 | D:2      | Reached skill level 4 in Conjurations
   999 | D:2      | Learned a level 2 spell: Searing Ray
  1093 | D:2      | Found a sparkling altar of Nemelex Xobeh.
  1893 | D:3      | Reached XP level 4. HP: 33/33 MP: 2/10
  1983 | D:3      | Learned a level 4 spell: Iskenderun's Mystic Blast
  2401 | D:4      | Found a shadowy altar of Dithmenos.
  2701 | D:4      | Found a runed translucent door.
  2702 | D:4      | Noticed Crazy Yiuf
  2828 | D:4      | Found an ornate altar of the Wu Jian Council.
  3047 | D:4      | Mangled by Crazy Yiuf

Levels and vault maps discovered:
D:1:      saegor_arrival_simple_b, layout_rooms, serial_glass, glass_columns_b,
          glass_columns_a, minmay_misc_feat_rugged
D:2:      layout_rooms, nemelex_altar_shiori
D:3:      layout_rooms
D:4:      layout_loops_cross, kennysheep_mini, chequers_serial_rivers_small_a,
          nicolae_dithmenos_through_a_glass_darkly, uniq_crazy_yiuf_cottage

Skill      XL: |  1  2  3  4 |
---------------+-------------+-----
Dodging        | 2 3 |  3.1
Spellcasting   | 2 3 |  3.0
Conjurations   | 4 |  4.4
Stealth        | |  1.7

Action                   |  1- 3 |  4- 6 || total
-------------------------+-------+-------++-------
Melee: Unarmed           |     8 |       ||     8
       Dagger            |    12 |     2 ||    14
 Cast: Magic Dart        |   108 |    36 ||   144
       Searing Ray       |     2 |     5 ||     7
  Eat: Chunk             |     3 |     2 ||     5
       Ration            |       |     1 ||     1
Armor: Robe              |     6 |     1 ||     7
Dodge: Dodged            |    20 |     5 ||    25
